 Dungeon Crawl Stone Soup version 0.28-a0-643-g84cb2ea78e (webtiles) character file.

Game seed: 16431309694748379623

21 timneilson the Slasher (level 2, -1/22 HPs)
             Began as a Demonspawn Gladiator on Oct 10, 2021.
             Slain by a quokka (3 damage)
             ... on level 1 of the Dungeon.
             The game lasted 00:01:22 (400 turns).

timneilson the Slasher (Demonspawn Gladiator)        Turns: 400, Time: 00:01:23

Health: -1/22      AC:  3    Str: 14    XL:     2   Next: 62%
Magic:  2/2        EV: 12    Int:  9    God:
Gold:   11         SH:  0    Dex: 14    Spells: 1/1 levels left

rFire   . . .      SeeInvis .   a - +0 long sword
rCold   . . .      Faith    .   (no shield)
rNeg    . . .      Spirit   .   b - +0 leather armour
rPois   .          Reflect  .   (helmet restricted)
rElec   .          Harm     .   (no cloak)
rCorr   .          Rampage  .   (no gloves)
Will    .....                   (no boots)
Stlth   +.........              (no amulet)
HPRegen 0.07/turn               (no ring)
MPRegen 0.08/turn               (no ring)

@: no status effects
A: horns 1
a: no special abilities


You were on level 1 of the Dungeon.
You visited 1 branch of the dungeon, and saw 1 of its levels.

You collected 11 gold pieces.

Inventory:

Hand Weapons
 a - a +0 long sword (weapon)
Missiles
 d - 3 throwing nets (quivered)
Armour
 b - a +0 leather armour (worn)
 c - a +0 helmet
Scrolls
 e - a scroll of teleportation {unknown}
Potions
 f - 2 potions of curing {unknown}


   Skills:
 + Level 2.2 Fighting
 * Level 3.0 Long Blades
 - Level 1.7 Throwing
 * Level 1.2 Armour
 + Level 2.8 Dodging


You had one spell level left.
You didn't know any spells.
Your spell library was empty.

Dungeon Overview and Level Annotations

Branches:
Dungeon (1/15)

Altars:

Shops:
D:1 !!


Innate Abilities, Weirdness & Mutations

You have a pair of small horns on your head.


Message History

You hit the kobold.
The kobold is moderately wounded.
The kobold hits you with a +0 whip. The kobold closely misses you.
You barely miss the kobold.
The kobold is moderately wounded.
The kobold closely misses you.
You hit the kobold.
The kobold is heavily wounded.
The kobold hits you with a +0 whip.
You slash the kobold!
You kill the kobold!
Your Long Blades skill increases to level 3!
You barely miss the goblin.
You headbutt the goblin, but do no damage.
The goblin hits you with a +0 dagger.
* * * LOW HITPOINT WARNING * * *
The goblin barely misses you.
You slash the goblin!
You kill the goblin!
You barely miss the quokka. The quokka barely misses you. The quokka bites you.
* * * LOW HITPOINT WARNING * * *
You hit the quokka but do no damage. The quokka closely misses you.
You hit the quokka.
The quokka is severely wounded.
The quokka closely misses you. The quokka bites you.
* * * LOW HITPOINT WARNING * * *
You miss the quokka.
The quokka is severely wounded.
The quokka bites you.
* * * LOW HITPOINT WARNING * * *
You hit the quokka but do no damage.
The quokka is severely wounded.
The quokka misses you. The quokka barely misses you.
You hit the quokka but do no damage.
The quokka is severely wounded.
The quokka closely misses you.
You closely miss the quokka.
The quokka is severely wounded.
The quokka bites you.
You die...

# #.##### #
#.....#### #
##.......#
####.##.##.######
.......>........#
..##.##########.#
..##.# #.##
..##.# #).#
..##+# ###@##
...... #.r..#
...... #....##.#
...... ...#.. #..
....## #.#.# ##.#
...## #.⌠ .. #.##
## #.# .# .# . .#


You could see a quokka.

Vanquished Creatures
  2 dart slugs (D:1)
  2 bats (D:1)
  An endoplasm (D:1)
  A goblin (D:1)
  A hobgoblin (D:1)
  2 quokkas (D:1)
  A frilled lizard (D:1)
  3 kobolds (D:1)
  2 rats (D:1)
15 creatures vanquished.

Notes
Turn   | Place    | Note
-------+----------+-------------------------------------------
     0 | D:1      | timneilson the Demonspawn Gladiator began the quest for the
                  | Orb.
     0 | D:1      | Reached XP level 1. HP: 16/16 MP: 1/1
   107 | D:1      | Found Wuntopn's Distillery.
   129 | D:1      | Found Doxiulooj's Distillery.
   196 | D:1      | Gained mutation: You have a pair of small horns on your
                  | head. [demonic ancestry]
   196 | D:1      | Reached XP level 2. HP: 16/22 MP: 2/2
   203 | D:1      | Reached skill level 1 in Armour
   341 | D:1      | Found a faded altar of an unknown god.
   392 | D:1      | Reached skill level 3 in Long Blades
   397 | D:1      | HP: 1/22 [quokka (1)]
   400 | D:1      | Slain by a quokka

Illustrated notes

Levels and vault maps discovered:
D:1:      dpeg_arrival_solitude, layout_basic, serial_shops, shop, shop,
          chequers_ecumenical_altar_simple, grunt_decor_mini_mirrors,
          serial_bayou_pond_c, lexackson_kobold_supper

Skill      XL: |  1  2 |
---------------+-------+-----
Armour         | 1 |  1.2
Long Blades    | 3 |  3.0
Fighting       | |  2.2
Throwing       | |  1.7
Dodging        | |  2.8

Action                   || total
-------------------------++-------
Melee: Long sword        ||    35
       Headbutt          ||     5
Armor: Leather armour    ||     4
Dodge: Dodged            ||    22

Table legend: (Time is in decaauts)
 A = Elapsed time spent in this place.
 B = Non-inter-level travel time spent in this place.
 C = Inter-level travel time spent in this place.
 D = Time resting spent in this place.
 E = Time spent auto-exploring this place.
 F = Levels seen in this place.
 G = Mean time per level.
                   A        B        C        D        E       F      G
               +--------+--------+--------+--------+--------+-----+--------+
         Total |    409 |    409 |      0 |      0 |    301 |   1 |  409.0 |
       Dungeon |    409 |    409 |      0 |      0 |    301 |   1 |  409.0 |
               +--------+--------+--------+--------+--------+-----+--------+

Top non-repeatable levels by time:
     D:1: 409 daAuts
